 Dungeon Crawl Stone Soup version 0.18-b1-22-ge198996 (webtiles) character file.

4877 SkaryMonk the Covert (level 10, 0/60 HPs)
             Began as an Octopode Assassin on May 2, 2016.
             Was a Priest of Dithmenos.
             Slain by a crocodile (15 damage)
             ... on level 8 of the Dungeon on May 3, 2016.
             The game lasted 02:35:24 (9071 turns).

SkaryMonk the Covert (Octopode Assassin)            Turns: 9071, Time: 02:35:25

Health: 0/60       AC:  1    Str: 10    XL:     10   Next: 50%
Magic:  14/14      EV: 15    Int: 15    God:    Dithmenos [***...]
Gold:   314        SH:  0    Dex: 16    Spells: 0 memorised, 9 levels left

rFire  . . .     SeeInvis .     b - +0 blowgun
rCold  . . .     Gourm    .     (no shield)
rNeg   . . .     Faith    .     (helmet restricted)
rPois  .         Spirit   .     (no amulet)
rElec  .         Dismiss  .     A - ring of stealth
rCorr  .         Reflect  .     L - ring of flight
SustAt .         Harm     .     (no ring)
MR     .....                    (no ring)
Stlth  ++++++++++               (no ring)
                                (no ring)
                                (no ring)
                                (no ring)

@: wreathed by umbra, not resistant to hostile enchantments, uncannily stealthy
A: almost no armour, amphibious, 8 rings, constrict 8, camouflage 1, gelatinous
body 1
a: Shadow Step, Renounce Religion, Evoke Flight


You were on level 8 of the Dungeon.
You worshipped Dithmenos.
Dithmenos was most pleased with you.
You were not hungry.

You visited 1 branch of the dungeon, and saw 9 of its levels.

You collected 314 gold pieces.

Notes
Turn   | Place    | Note
--------------------------------------------------------------
     0 | D:1      | SkaryMonk the Octopode Assassin began the quest for the Orb.
     0 | D:1      | Reached XP level 1. HP: 14/14 MP: 1/1
   147 | D:1      | Reached XP level 2. HP: 19/19 MP: 2/2
   602 | D:1      | Reached XP level 3. HP: 23/24 MP: 3/3
  1162 | D:2      | Reached XP level 4. HP: 29/29 MP: 4/4
  1216 | D:2      | Found a shadowy altar of Dithmenos.
  1238 | D:2      | Became a worshipper of Dithmenos the Shadowed
  1339 | D:2      | Found a blossoming altar of Fedhas.
  1554 | D:2      | Found a deep blue altar of Sif Muna.
  1748 | D:3      | Found a stormy altar of Qazlal.
  2232 | D:3      | Reached skill level 5 in Short Blades
  2232 | D:3      | Reached XP level 5. HP: 34/34 MP: 5/5
  2233 | D:3      | Found an iron altar of Okawaru.
  2505 | D:3      | Reached * piety under Dithmenos
  2714 | D:3      | Reached XP level 6. HP: 33/39 MP: 6/6
  2951 | D:4      | Found a glowing silver altar of Zin.
  3081 | D:4      | Noticed Grinder
  3234 | D:4      | Reached ** piety under Dithmenos
  3474 | D:4      | Found an ancient bone altar of Kikubaaqudgha.
  3474 | D:4      | Found an oddly glowing altar of Pakellas.
  3567 | D:4      | Found a glowing golden altar of the Shining One.
  3615 | D:4      | Found a shattered altar of Ashenzari.
  3728 | D:5      | Entered Level 5 of the Dungeon
  3797 | D:5      | Noticed a sky beast
  3800 | D:5      | Noticed a phantom
  3802 | D:5      | Killed a sky beast
  3802 | D:5      | Reached XP level 7. HP: 45/45 MP: 7/7
  3962 | D:5      | Noticed Prince Ribbit
  3964 | D:5      | Killed Prince Ribbit
  4031 | D:5      | Reached XP level 8. HP: 40/50 MP: 8/8
  4588 | D:6      | Found a burning altar of Makhleb.
  4990 | D:6      | Found a staircase to the Ecumenical Temple.
  5106 | D:6      | Reached skill level 10 in Short Blades
  5786 | D:7      | Reached skill level 5 in Dodging
  5786 | D:7      | Reached XP level 9. HP: 54/54 MP: 9/9
  5959 | D:7      | Reached skill level 6 in Stealth
  6047 | D:7      | Reached skill level 7 in Stealth
  6457 | D:7      | Reached skill level 8 in Stealth
  6496 | D:7      | Reached *** piety under Dithmenos
  6636 | D:7      | Reached skill level 9 in Stealth
  6697 | D:8      | Found an opulent altar of Gozag.
  6805 | D:8      | Noticed Erolcha
  6807 | D:8      | Killed Erolcha
  6807 | D:8      | Reached skill level 11 in Stealth
  6874 | D:8      | Reached skill level 12 in Stealth
  6914 | D:8      | Reached XP level 10. HP: 57/60 MP: 10/10
  7035 | D:8      | Found a sparkling altar of Nemelex Xobeh.
  7101 | D:8      | Reached skill level 1 in Invocations
  7167 | D:8      | Found Kiut's Food Shop.
  7343 | D:8      | Noticed a moth of wrath
  7349 | D:8      | Found a bloodstained altar of Trog.
  7495 | D:9      | Upgraded the game from 0.18-b1-18-g7758cf2 to 0.18-b1-22-ge198996
  7768 | D:9      | Reached skill level 5 in Invocations
  8553 | D:9      | Reached skill level 1 in Evocations
  8839 | D:9      | Found Xoliuck's Antique Armour Boutique.
  9071 | D:8      | Slain by a crocodile

Inventory:

Hand Weapons
 a - a +2 dagger
 b - a +0 blowgun (weapon)
 p - a +1 dagger of venom
 K - a +1 short sword of speed
Missiles
 c - 45 poisoned needles
 d - 5 curare-tipped needles (quivered)
 O - 4 needles of paralysis
Jewellery
 q - an uncursed ring of ice
 A - a ring of stealth (left tentacle)
 L - a ring of flight (right tentacle)
 Q - a +5 amulet of reflection {unknown}
Wands
 D - a wand of teleportation (4/9)
 I - a wand of disintegration (5/24)
 P - a wand of flame (31/48)
Scrolls
 k - 2 scrolls of amnesia
 l - 2 scrolls of enchant weapon
 s - 2 scrolls of noise {unknown}
 t - a scroll of enchant armour {unknown}
 v - 3 scrolls of teleportation {unknown}
 y - a scroll of fog {unknown}
 z - 4 scrolls of fear {unknown}
 C - 3 scrolls of remove curse
 E - a scroll of magic mapping {unknown}
 F - a scroll of silence {unknown}
 H - 2 scrolls of recharging {unknown}
 M - a scroll of immolation {unknown}
 N - a scroll of blinking {unknown}
Potions
 e - a potion of cancellation
 g - 2 potions of might {unknown}
 h - 2 potions of flight {unknown}
 j - 2 potions of heal wounds {unknown}
 m - a potion of lignification {unknown}
 o - a potion of berserk rage {unknown}
 r - 2 potions of resistance {unknown}
 u - a potion of cure mutation {unknown}
 x - 6 potions of curing
 G - a potion of brilliance {unknown}
 J - a potion of agility {unknown}
 R - a potion of degeneration {unknown}
Comestibles
 f - 6 bread rations
 i - 2 beef jerkies
 n - 6 meat rations
 w - 5 fruits
 B - 9 chunks of flesh

Table legend:
 A = Turns spent in this place as a percentage of turns spent in the entire game.
 B = Non-inter-level travel turns spent in this place as a percentage of non-inter-level travel turns spent in the entire game.
 C = Inter-level travel turns spent in this place as a percentage of turns spent in this place.
 D = Turns resting spent in this place as a percentage of non-inter-level travel turns spent in this place.
 E = Turns spent auto-exploring this place as a percentage of non-inter-level travel turns spent in this place.
 F = Non-inter-level travel turns spent in this place divided by the number of levels of this place that you've seen.
                   A       B       C       D       E      F
               +-------+-------+-------+-------+-------+----------------------
         Total | 100.0 | 100.0 |   1.1 |   2.5 |  11.3 | 248.8
       Dungeon | 100.0 | 100.0 |   1.1 |   2.5 |  11.3 | 248.8
               +-------+-------+-------+-------+-------+----------------------


   Skills:
 - Level 2.0 Fighting
 - Level 10.1 Short Blades
 - Level 2.0 Throwing
 - Level 5.1 Dodging
 - Level 12.1 Stealth
 - Level 6.0 Invocations
 + Level 3.2 Evocations


You had 9 spell levels left.
You didn't know any spells.

Dungeon Overview and Level Annotations

Branches:
Dungeon (9/15)             Temple (0/1) D:6
   Lair: D:8-11         Orc: D:9-12

Altars:
Ashenzari
Dithmenos
Fedhas
Gozag
Kikubaaqudgha
Makhleb
Nemelex Xobeh
Okawaru
Pakellas
Qazlal
Sif Muna
Trog
Zin
The Shining One

Shops:
D:8 %   D:9 [

Annotations:
D:4 Grinder


Innate Abilities, Weirdness & Mutations

You cannot wear most types of armour.
You are amphibious.
You can wear up to eight rings at the same time.
You can use your tentacles to constrict eight enemies at once.
Your skin changes colour to match your surroundings (Stealth).
Your rubbery body absorbs attacks (AC +1).


Message History

Your +1 dagger of venom stops dripping with poison.
b - a +0 blowgun (weapon)
Quiver which item? (- for none, * to show all) (? for menu, Esc to quit)
Quivering
d - 7 curare-tipped needles for blowguns.
Firing (i - inventory. (,) - cycle):
d - 7 curare-tipped needles (quivered)
Press: ? - help, Shift-Dir - straight line, f - crocodile
Aim: a crocodile (umbra)
You shoot a curare-tipped needle.
The curare-tipped needle closely misses the crocodile.
The crocodile closely misses you.
Firing (i - inventory. (,) - cycle):
d - 6 curare-tipped needles (quivered)
Press: ? - help, Shift-Dir - straight line, f/p - crocodile
Aim: a crocodile (umbra)
You shoot a curare-tipped needle.
The curare-tipped needle hits the crocodile.
The crocodile is poisoned.
The crocodile convulses.
The crocodile seems to slow down.
The crocodile is lightly wounded.
The crocodile bites you!
You die...

###..........##.......#........#
..#..........########.#.#####.##
#.#..........#.#..# #.#.# #.#
#.#..........'.#..###.#.# #.#
#.#..........#.#........# #.#
#.########'###.#.####.#######.#
#..........# #.#.##...........#
#########..# #.#.##.#.#########
##.#####..# #.#@##.#.#
##.........###.#t##.#.#
................>##.#.#
##..#####......####.#.#
#..##########.# #.#.# ##.##....#
#.# #.#.# #.......####.####.#.#
##.#....##......#.#.#
#.####.##.#.#.##.###


You could see a crocodile.

Table legend:
 A = Kills in this place as a percentage of kills in entire the game.
 B = Kills by you in this place as a percentage of kills by you in the entire game.
 C = Kills by friends in this place as a percentage of kills by friends in the entire game.
 D = Other kills in this place as a percentage of other kills in the entire game.
 E = Experience gained in this place as a percentage of experience gained in the entire game.
 F = Experience gained in this place divided by the number of levels of this place that you have seen.
                   A       B       C       D       E      F
               +-------+-------+-------+-------+-------+----------------------
         Total | 100.0 | 100.0 |  -nan |  -nan | 100.0 | 774.2
       Dungeon | 100.0 | 100.0 |  -nan |  -nan | 100.0 | 774.2
               +-------+-------+-------+-------+-------+----------------------

Vanquished Creatures
  Erolcha (D:8)
  Prince Ribbit (D:5)
  A hippogriff (D:9)
  3 hungry ghosts
  A warg (D:8)
  2 orc warriors
  2 sky beasts
  A black bear (D:7)
  A phantom (D:5)
  A necrophage (D:9)
  5 ogres
  5 centaurs
  A big kobold (D:9)
  A giant frog (D:8)
  2 scorpions
  A water moccasin skeleton (D:7)
  6 wights
  5 howler monkeys (D:8)
  3 crimson imps
  2 centaur zombies (D:8)
  A hound (D:9)
  A quasit (D:3)
  A giant frog zombie (D:7)
  3 jellies
  8 orc priests
  2 centaur skeletons
  2 iguanas
  3 orc wizards
  4 worker ants
  A killer bee zombie (D:8)
  A worker ant zombie (D:5)
  11 adders
  4 gnolls (D:5)
  An ooze (D:2)
  2 adder zombies
  3 worms
  2 dart slugs
  9 giant geckos
  45 orcs
  4 ball pythons
  4 giant cockroaches
  7 hobgoblins
  12 jackals
  5 quokkas
  5 bats
  5 giant newts
  8 goblins
  8 kobolds
  12 rats
219 creatures vanquished.

Action                   |  1- 3 |  4- 6 |  7- 9 | 10-12 || total
-------------------------+-------+-------+-------+-------++-------
Melee: Dagger            |    55 |   181 |   160 |   156 ||   552
       Constrict         |    10 |    49 |    20 |    32 ||   111
       Tentacles         |     7 |    47 |    35 |    45 ||   134
       Short sword       |       |       |    34 |    49 ||    83
 Fire: Blowgun           |       |       |     7 |    10 ||    17
Throw: Throwing net      |       |       |       |     2 ||     2
Invok: Shadow Step       |       |       |       |     2 ||     2
Evoke: Wand              |       |       |     4 |       ||     4
  Use: Scroll            |     4 |       |     1 |       ||     5
       Potion            |       |       |       |     3 ||     3
 Stab: Sleeping          |    11 |    15 |    30 |    10 ||    66
       Distracted        |     1 |       |     3 |       ||     4
       Paralysed         |       |       |       |     1 ||     1
  Eat: Chunk             |     1 |     8 |    12 |     8 ||    29
       Pizza             |       |       |       |     1 ||     1
Armor: Skin              |     4 |     3 |     4 |     3 ||    14
Dodge: Dodged            |    19 |    82 |    52 |    87 ||   240

Vault maps used:
D:1:      dpeg_arrival_concentric_ovals, bh_walls_and_bars
D:2:      lemuel_blue_sif_altar, lemuel_round_altar, serial_aquarium,
          aquarium_bridge_square, aquarium_window_fake, aquarium_window_corner,
          aquarium_window_2, aquarium_view_2g, aquarium_pool_corner,
          first_bread, minmay_misc_feat_tiny,
          nicolae_dithmenos_through_a_glass_darkly
D:3:      lemuel_round_altar, okawaru_gym_becter
D:4:      nicolae_overflow_hidden_temple, nicolae_overflow_crystal_walls,
          kennysheep_mini_moat, uniq_grinder
D:5:      uniq_prince_ribbit1
D:6:      bloody_makhleb, minmay_temple_entry_purple_smoke
D:8:      lemuel_doored_altar, overflow_temple_1_default, tgw_trog,
          serial_shops, shop, uniq_erolcha
D:9:      david_orc_1_choice, serial_shops, nicolae_shop_stone
